 Dungeon Crawl Stone Soup version 0.27-a0-1139-g28e009f8a6 (webtiles) character file.

Game seed: 11032940312651582562

4 jestyr24 the Caller (level 1, -1/13 HPs)
             Began as a Merfolk Summoner on May 7, 2021.
             Slain by a jackal (3 damage)
             ... on level 1 of the Dungeon.
             The game lasted 00:02:48 (270 turns).

jestyr24 the Caller (Merfolk Summoner)               Turns: 270, Time: 00:02:48

Health: -1/13      AC:  2    Str:  8    XL:     1   Next: 70%
Magic:  1/3        EV: 12    Int: 14    God:
Gold:   15         SH:  0    Dex: 14    Spells: 3/4 levels left

rFire    . . .     SeeInvis .   (no weapon)
rCold    . . .     Faith    .   (no shield)
rNeg     . . .     Spirit   .   a - +0 robe
rPois    .         Reflect  .   (no helmet)
rElec    .         Harm     .   (no cloak)
rCorr    .         Rampage  .   (no gloves)
Will     .....                  (no boots)
Stlth    ++........             (no amulet)
HPRegen  0.04/turn              (no ring)
MPRegen  0.08/turn              (no ring)

@: no status effects
A: (nimble swimmer 2), mertail
a: no special abilities


You were on level 1 of the Dungeon.
You visited 1 branch of the dungeon, and saw 1 of its levels.

You collected 15 gold pieces.

Inventory:

Armour
 a - a +0 robe (worn)
Potions
 b - a potion of curing {unknown}
 c - a potion of berserk rage {unknown}


   Skills:
 + Level 2.6 Dodging
 + Level 2.3 Stealth
 + Level 2.0 Spellcasting
 + Level 4.1 Summonings


You had 3 spell levels left.
You knew the following spells:

 Your Spells              Type           Power      Damage    Failure   Level
a - Summon Small Mammal   Summ           52%        N/A       4%          1

Your spell library contained the following spells:

 Spells                   Type           Power      Damage    Failure   Level
 Call Imp                 Summ           13%        N/A       6%          2
 Call Canine Familiar     Summ           13%        N/A       13%         3
 Summon Guardian Golem    Hex/Summ       7%         N/A       30%         3
 Summon Ice Beast         Ice/Summ       7%         N/A       69%         4
 Summon Lightning Spire   Summ/Air       7%         N/A       69%         4


Dungeon Overview and Level Annotations

Branches:
Dungeon (1/15)

Altars:


Innate Abilities, Weirdness & Mutations

((You are quick and stealthy near water. (Stealth+, EV+, Speed+++)))
Your lower body shifts to a powerful aquatic tail in water.


Message History

The jackal barely misses you. x2; The rat bites your rat.
Your rat dies!
Your rat's corpse disappears in a puff of smoke!
The jackal bites you.
You see here a jackal corpse.
The jackal bites you but does no damage.
The jackal barely misses you. The jackal misses you.
The jackal closely misses you.
The jackal bites you but does no damage.
Casting: Summon Small Mammal (safe; 4% risk of failure)
Confirm with . or Enter, or press ? or * to list all spells.
The jackal bites you.
You barely miss the jackal. The jackal closely misses you.
Your bat hits the jackal but does no damage.
The rat misses your bat.
The jackal bites you but does no damage.
Your bat hits the jackal but does no damage.
Your bat closely misses the jackal.
The jackal closely misses your bat.
Your bat hits the jackal. The jackal bites your bat.
Your bat dies!
Your bat's corpse disappears in a puff of smoke!
The rat twitches its whiskers.
Casting: Summon Small Mammal (safe; 4% risk of failure)
Confirm with . or Enter, or press ? or * to list all spells.
The jackal closely misses you.
Your rat bites the jackal but does no damage.
You completely miss the jackal.
The jackal is moderately wounded.
The rat bites you. The jackal bites you.
* * * LOW HITPOINT WARNING * * *
Your rat closely misses the jackal.
The jackal bites your rat.
Your rat closely misses the jackal.
The jackal barely misses your rat.
Your rat bites the jackal but does no damage.
Your rat closely misses the jackal.
The jackal bites you but does no damage.
An endoplasm comes into view.
The jackal bites you.
You die...

#.. ... .#.. #.#..##..# ##
.#..### ##.#......##... ...>.
.......†..... #...#
##.#......# #...# .....#.# .#
#...# #####..##.# #..##
#...########..r...##†#......
##..........r..h@............
..............###..##.#......
#################.###.#######
.... ................ ####
##########.###.#... ..# #...#
#.# #.#.. #.# ####...# #.#
#.# .. #.# #......# #.# #..
... #.# #......# #.#


You could see a jackal (ally target), a rat and a friendly rat (summoned).

Vanquished Creatures (collateral kills)
  A bat (D:1)
  An endoplasm (D:1)
  3 jackals (D:1)
  A frilled lizard (D:1)
  A rat (D:1)
7 creatures vanquished.

Notes
Turn   | Place    | Note
-------+----------+-------------------------------------------
     0 | D:1      | jestyr24 the Merfolk Summoner began the quest for the Orb.
     0 | D:1      | Reached XP level 1. HP: 13/13 MP: 3/3
   270 | D:1      | Slain by a jackal

Illustrated notes

Levels and vault maps discovered:
D:1:      saegor_arrival_simple_e, layout_basic

Action                   || total
-------------------------++-------
Melee: Unarmed           ||    14
 Cast: Summon Small Mamm ||    15
Armor: Robe              ||     9
Dodge: Dodged            ||    26

Table legend: (Time is in decaauts)
 A = Elapsed time spent in this place.
 B = Non-inter-level travel time spent in this place.
 C = Inter-level travel time spent in this place.
 D = Time resting spent in this place.
 E = Time spent auto-exploring this place.
 F = Levels seen in this place.
 G = Mean time per level.
                   A        B        C        D        E       F      G
               +--------+--------+--------+--------+--------+-----+--------+
         Total |    270 |    270 |      0 |      0 |    104 |   1 |  270.0 |
       Dungeon |    270 |    270 |      0 |      0 |    104 |   1 |  270.0 |
               +--------+--------+--------+--------+--------+-----+--------+

Top non-repeatable levels by time:
     D:1: 270 daAuts
